 Dungeon Crawl Stone Soup version 0.22.1-1-ga44c0e5 (webtiles) character file.

570 Anon1729 the Covered (level 7, -1/60 HPs)
             Began as a Gnoll Wanderer on Nov 2, 2018.
             Was a Follower of Qazlal.
             Slain by Edmund
             ... wielding a +2 dire flail of protection
              (10 damage)
             ... on level 4 of the Dungeon.
             The game lasted 00:06:31 (4118 turns).

Anon1729 the Covered (Gnoll Wanderer)               Turns: 4118, Time: 00:06:32

Health: -1/60      AC:  2    Str: 14    XL:     7   Next: 34%
Magic:  10/10      EV: 13    Int: 16    God:    Qazlal [*.....]
Gold:   140        SH:  2    Dex: 15    Spells: 10/10 levels left

rFire    + . .     SeeInvis .   a - +2 hand axe
rCold    . . .     Gourm    .   (no shield)
rNeg     . . .     Faith    .   e - +0 robe
rPois    .         Spirit   .   (no helmet)
rElec    .         Reflect  .   (no cloak)
rCorr    .         Harm     .   (no gloves)
MR       .....     Rnd*Rage +   (no boots)
Stlth    ++........             (no amulet)
HPRegen  0.20/turn              i - ring of protection from fire
MPRegen  0.12/turn              (no ring)

@: no status effects
A: distributed training, fangs 1, berserk 1, dopey 1, strong 1, strong nose
a: Renounce Religion


You were on level 4 of the Dungeon.
You worshipped Qazlal.
Qazlal was aware of your devotion.
You were very hungry.

You visited 1 branch of the dungeon, and saw 4 of its levels.

You collected 140 gold pieces.

Inventory:

Hand Weapons
 a - a +2 hand axe (weapon)
 b - a +0 hand crossbow
Missiles
 c - 73 bolts
Armour
 e - a +0 robe (worn)
Jewellery
 i - a ring of protection from fire (left hand)
 m - an uncursed amulet of magic regeneration {unknown}
 u - an uncursed amulet of the gourmand {unknown}
Scrolls
 d - 3 scrolls of teleportation
 k - 2 scrolls of blinking {unknown}
 l - 5 scrolls of remove curse {unknown}
 n - a scroll of random uselessness {unknown}
 o - 2 scrolls of identify {unknown}
 q - a scroll of immolation {unknown}
 r - a scroll of fear {unknown}
 t - a scroll of enchant armour {unknown}
Potions
 g - a potion of degeneration {unknown}
 h - a potion of mutation
 j - a potion of magic {unknown}
 p - a potion of resistance {unknown}
Comestibles
 f - 6 rations


   Skills:
 + Level 7.0 Fighting
 + Level 2.3 Short Blades
 + Level 2.3 Long Blades
 + Level 5.2 Axes
 + Level 2.3 Maces & Flails
 + Level 2.3 Polearms
 + Level 2.3 Staves
 + Level 2.3 Slings
 + Level 2.3 Bows
 + Level 2.3 Crossbows
 + Level 3.5 Throwing
 + Level 7.0 Armour
 + Level 2.3 Dodging
 + Level 2.3 Stealth
 + Level 2.3 Shields
 + Level 2.3 Unarmed Combat
 + Level 2.3 Spellcasting
 + Level 1.9 Conjurations
 + Level 1.9 Hexes
 + Level 1.9 Charms
 + Level 1.9 Summonings
 + Level 1.9 Necromancy
 + Level 1.9 Translocations
 + Level 1.9 Transmutations
 + Level 1.9 Fire Magic
 + Level 1.9 Ice Magic
 + Level 1.9 Air Magic
 + Level 1.9 Earth Magic
 + Level 1.9 Poison Magic
 + Level 2.6 Invocations
 + Level 3.5 Evocations


You had 10 spell levels left.
You didn't know any spells.
Your spell library was empty.

Dungeon Overview and Level Annotations

Branches:
Dungeon (4/15)             Temple (0/1) D:4

Altars:
Dithmenos
Nemelex Xobeh
Qazlal
Vehumet
The Shining One

Annotations:
D:4 Edmund


Innate Abilities, Weirdness & Mutations

Your experience applies equally to all skills.
You have very sharp teeth.
Your uncanny sense of smell can sniff out nearby items.
You tend to lose your temper in combat.
You are dopey. (Int -2)
Your muscles are strong. (Str +2)


Message History

Edmund hits you but does no damage.
You closely miss Edmund. Your bite misses Edmund.
Edmund is heavily wounded.
Edmund hits you with a dire flail of protection!
Edmund hits you with a dire flail of protection!
* * * LOW HITPOINT WARNING * * *
You aren't carrying any items that you can evoke.
You open the door.
A quokka comes into view.
Edmund hits you with a dire flail of protection.
* * * LOW HITPOINT WARNING * * *
There is an open door here.
Found a staircase to the Ecumenical Temple.
You enter the shallow water.
Moving in this stuff is going to be slow.
Found a stone staircase leading down.
There is a staircase to the Ecumenical Temple here.
Edmund says, "You wouldn't believe how much I paid for this flail."
Edmund hits you with a dire flail of protection!
You die...

... ...###### #...#.
........
#.....♣♣♣.....♣♣♣
#.....♣≈≈≈≈≈≈≈≈≈♣ . ....
#.....♣≈♣.....♣≈♣..
.....#......≈.......≈..#
..... ......≈....§..≈...
.....#####..≈..@@...≈...
r...........≈.......≈...
............≈.......≈...
...........♣≈♣.....♣≈♣..
...........♣≈≈≈≈≈≈≈≈≈♣ .
.....#'###.♣♣♣.....♣♣♣
.....#...#...........
.....+...#......+..>.
.....#...#......#...


You could see Edmund.

Vanquished Creatures
  Grinder (D:4)
  A hungry ghost (D:2)
  2 orc priests (D:3)
  Robin (D:3)
  4 gnolls
  3 adders (D:2)
  An ooze (D:2)
  A worm (D:3)
  2 leopard geckos
  An orc (D:3)
  A ball python (D:1)
  4 giant cockroaches
  14 goblins
  7 hobgoblins
  5 jackals (D:3)
  2 quokkas (D:2)
  13 bats
  3 frilled lizards
  7 kobolds
  4 rats
77 creatures vanquished.

Notes
Turn   | Place    | Note
-------+----------+-------------------------------------------
     0 | D:1      | Anon1729 the Gnoll Wanderer began the quest for the Orb.
     0 | D:1      | Anon1729 set off with: a +2 hand axe, a +0 hand crossbow,
                  | 29 bolts, a scroll of teleportation, a +0 robe, a ration
     0 | D:1      | Reached XP level 1. HP: 23/23 MP: 2/2
   361 | D:1      | Reached XP level 2. HP: 24/29 MP: 3/3
   582 | D:1      | Reached XP level 3. HP: 31/35 MP: 4/4
  1010 | D:2      | Reached skill level 1 in Invocations
  1055 | D:2      | Found a stormy altar of Qazlal.
  1111 | D:2      | Became a worshipper of Qazlal Stormbringer
  1220 | D:2      | Noticed a hungry ghost
  1303 | D:2      | Killed a hungry ghost
  1303 | D:2      | Reached skill level 1 in Short Blades
  1303 | D:2      | Reached skill level 1 in Long Blades
  1303 | D:2      | Reached skill level 1 in Maces & Flails
  1303 | D:2      | Reached skill level 1 in Polearms
  1303 | D:2      | Reached skill level 1 in Staves
  1303 | D:2      | Reached skill level 1 in Slings
  1303 | D:2      | Reached skill level 1 in Bows
  1303 | D:2      | Reached skill level 1 in Crossbows
  1303 | D:2      | Reached skill level 1 in Dodging
  1303 | D:2      | Reached skill level 1 in Stealth
  1303 | D:2      | Reached skill level 1 in Shields
  1303 | D:2      | Reached skill level 1 in Unarmed Combat
  1303 | D:2      | Reached skill level 1 in Spellcasting
  1303 | D:2      | Reached skill level 1 in Conjurations
  1303 | D:2      | Reached skill level 1 in Hexes
  1303 | D:2      | Reached skill level 1 in Charms
  1303 | D:2      | Reached skill level 1 in Summonings
  1303 | D:2      | Reached skill level 1 in Necromancy
  1303 | D:2      | Reached skill level 1 in Translocations
  1303 | D:2      | Reached skill level 1 in Transmutations
  1303 | D:2      | Reached skill level 1 in Fire Magic
  1303 | D:2      | Reached skill level 1 in Ice Magic
  1303 | D:2      | Reached skill level 1 in Air Magic
  1303 | D:2      | Reached skill level 1 in Earth Magic
  1303 | D:2      | Reached skill level 1 in Poison Magic
  1303 | D:2      | Reached XP level 4. HP: 18/41 MP: 4/6
  1303 | D:2      | Reached XP level 5. HP: 21/47 MP: 4/7
  1749 | D:2      | Found a radiant altar of Vehumet.
  1769 | D:2      | Found a shadowy altar of Dithmenos.
  2138 | D:2      | Found a sparkling altar of Nemelex Xobeh.
  2153 | D:2      | Found a glowing golden altar of the Shining One.
  2413 | D:3      | Found a stormy altar of Qazlal.
  2454 | D:3      | Reached XP level 6. HP: 53/53 MP: 8/8
  2790 | D:3      | Reached * piety under Qazlal
  3023 | D:3      | Noticed Robin
  3051 | D:3      | Killed Robin
  3051 | D:3      | Reached skill level 5 in Axes
  3751 | D:4      | Noticed Grinder
  3760 | D:4      | Gained mutation: You tend to lose your temper in combat.
                  | [potion of mutation]
  3760 | D:4      | Gained mutation: You are dopey. (Int -2) [potion of
                  | mutation]
  3760 | D:4      | Gained mutation: Your muscles are strong. (Str +2) [potion
                  | of mutation]
  3762 | D:4      | HP: 1/53 [Grinder (2)]
  3763 | D:4      | Killed Grinder
  3763 | D:4      | Reached XP level 7. HP: 8/60 MP: 10/10
  4071 | D:4      | Noticed Edmund
  4110 | D:4      | Found a staircase to the Ecumenical Temple.
  4118 | D:4      | Slain by Edmund

Skill      XL: |  1  2  3  4  5  6 |
---------------+-------------------+-----
Invocations    | 1 2 |  2.6
Short Blades   | 1 2 |  2.3
Long Blades    | 1 2 |  2.3
Maces & Flails | 1 2 |  2.3
Polearms       | 1 2 |  2.3
Staves         | 1 2 |  2.3
Slings         | 1 2 |  2.3
Bows           | 1 2 |  2.3
Crossbows      | 1 2 |  2.3
Throwing       | 3 |  3.5
Dodging        | 1 2 |  2.3
Stealth        | 1 2 |  2.3
Shields        | 1 2 |  2.3
Unarmed Combat | 1 2 |  2.3
Spellcasting   | 1 2 |  2.3
Conjurations   | 1 |  1.9
Hexes          | 1 |  1.9
Charms         | 1 |  1.9
Summonings     | 1 |  1.9
Necromancy     | 1 |  1.9
Translocations | 1 |  1.9
Transmutations | 1 |  1.9
Fire Magic     | 1 |  1.9
Ice Magic      | 1 |  1.9
Air Magic      | 1 |  1.9
Earth Magic    | 1 |  1.9
Poison Magic   | 1 |  1.9
Evocations     | 3 |  3.5
Axes           | 5 |  5.2
Fighting       | 7 |  7.0
Armour         | 7 |  7.0

Action                   |  1- 3 |  4- 6 |  7- 9 || total
-------------------------+-------+-------+-------++-------
Melee: Hand axe          |    99 |   146 |    19 ||   264
       Bite              |     6 |    13 |     2 ||    21
  Use: Potion            |     1 |     2 |       ||     3
 Stab: Sleeping          |     1 |     6 |       ||     7
  Eat: Chunk             |     3 |     7 |       ||    10
       Ration            |     1 |     1 |       ||     2
Armor: Robe              |    12 |    29 |     1 ||    42
Dodge: Dodged            |    51 |    77 |     8 ||   136
Block: Other             |       |     3 |       ||     3
